 Dungeon Crawl Stone Soup version 0.20.0-10-g0535bb4 (webtiles) character file.

67 Hasart the Skirmisher (level 4, -1/37 HPs)
             Began as a Barachi Fighter on June 6, 2017.
             Killed by nerve-wracking pain
             ... invoked by Grinder
              (13 damage)
             ... on level 3 of the Dungeon.
             The game lasted 00:04:08 (2121 turns).

Hasart the Skirmisher (Barachi Fighter)             Turns: 2121, Time: 00:04:09

Health: -1/37      AC:  8    Str: 22    XL:     4   Next: 16%
Magic:  4/4        EV:  8    Int: 10    God:
Gold:   93         SH:  9    Dex: 11    Spells: 3/3 levels left

rFire    + . .     SeeInvis .   a - +0 long sword
rCold    + . .     Gourm    .   c - +0 shield
rNeg     . . .     Faith    .   b - +0 scale mail
rPois    .         Spirit   .   q - +0 helmet
rElec    .         Reflect  .   n - scarf {rC+ rF+}
rCorr    .         Harm     .   (no gloves)
MR       .....                  (no boots)
Stlth    ..........             (no amulet)
Regen    0.2/turn               (no ring)
MPRegen  0.1/turn               (no ring)

@: mighty, slow
A: +LOS, swims, slowness 1, strong legs 1
a: Hop


You were on level 3 of the Dungeon.
You were not hungry.

You visited 1 branch of the dungeon, and saw 3 of its levels.

You collected 93 gold pieces.

Inventory:

Hand Weapons
 a - a +0 long sword (weapon)
Armour
 b - a +0 scale mail (worn)
 c - a +0 shield (worn)
 n - a scarf of resistance (worn)
 q - a +0 helmet (worn)
Jewellery
 m - a +6 ring of strength {unknown}
Scrolls
 e - 2 scrolls of identify {unknown}
 h - a scroll of amnesia {unknown}
 i - a scroll of random uselessness {unknown}
 j - a scroll of noise {unknown}
 k - a scroll of teleportation {unknown}
Potions
 d - a potion of might
 l - 2 potions of haste
 p - 2 potions of heal wounds
Comestibles
 f - 6 bread rations
 g - a royal jelly
 o - a meat ration


   Skills:
 + Level 4.0 Fighting
 * Level 3.9 Long Blades
 + Level 3.9 Armour
 + Level 1.3 Dodging
 + Level 3.6 Shields


You had 3 spell levels left.
You didn't know any spells.

Dungeon Overview and Level Annotations

Branches:
Dungeon (3/15)

Altars:
Vehumet

Annotations:
D:3 Grinder


Innate Abilities, Weirdness & Mutations

Shadows flee at your approach. (+LOS)
You can swim through water.
You cover ground slowly.
You can hop short distances.


Message History

Grinder drinks a potion.
Grinder seems to speed up.
Grinder blinks! x2
Grinder closely misses you. Grinder gestures at you.
You suddenly lose the ability to move!
Grinder hits you.
You writhe in agony.
Grinder hits you.
You writhe in agony.
Grinder hits you but does no damage.
You can move again.
Your shield and scale mail prevent you from hitting Grinder.
Grinder gestures at you. Pain shoots through your body!
Grinder closely misses you.
You riposte.
You barely miss Grinder. You closely miss Grinder.
You block Grinder's attack. x2
You closely miss Grinder. You block Grinder's attack.
Grinder hits you but does no damage.
You slash Grinder!
Grinder is moderately wounded.
Grinder gestures at you. Pain shoots through your body!
You die...

#........#
####....<...#
............#
####........#
#........######
#.............##
#....########..#
#.......(.....5.#
........###+###@.#
###...... #..#
#..... #..# #..#
##..# #..# #..#
...# ...#


You could see Grinder.

Vanquished Creatures
  A worm (D:2)
  3 dart slugs
  3 leopard geckos
  2 ball pythons
  9 bats
  6 goblins
  5 hobgoblins
  3 jackals (D:2)
  7 kobolds
  2 quokkas (D:2)
  6 frilled lizards
  7 rats
54 creatures vanquished.

Notes
Turn   | Place    | Note
-------+----------+-------------------------------------------
     0 | D:1      | Hasart the Barachi Fighter began the quest for the Orb.
     0 | D:1      | Reached XP level 1. HP: 18/18 MP: 1/1
   263 | D:1      | Reached XP level 2. HP: 24/24 MP: 2/2
   697 | D:1      | Reached skill level 1 in Dodging
   884 | D:1      | Reached XP level 3. HP: 27/30 MP: 3/3
  1192 | D:2      | Found a radiant altar of Vehumet.
  1856 | D:2      | Reached XP level 4. HP: 33/37 MP: 4/4
  1860 | D:2      | Reached skill level 4 in Fighting
  2109 | D:3      | Noticed Grinder
  2115 | D:3      | Paralysed by Grinder for 3 turns
  2121 | D:3      | Killed from afar by Grinder

Skill      XL: |  1  2  3  4 |
---------------+-------------+-----
Long Blades    | 3 |  3.9
Dodging        | 1 |  1.3
Fighting       | 4 |  4.0
Armour         | |  3.9
Shields        | |  3.6

Action                   |  1- 3 |  4- 6 || total
-------------------------+-------+-------++-------
Melee: Long sword        |   165 |    20 ||   185
  Use: Potion            |       |     1 ||     1
  Eat: Chunk             |     4 |     1 ||     5
Armor: Scale mail        |    87 |    10 ||    97
Dodge: Dodged            |    58 |     8 ||    66
Block: Shield            |    87 |    11 ||    98
       Rpst.: Long sword |    19 |     1 ||    20
